 Dungeon Crawl Stone Soup version 0.31-a0-175-g9f7f995f2b (webtiles) character file.

Game seed: 6444616622121915006

10640 qw the Cleaver (level 11, -1/71 HPs)
             Began as a Gargoyle Fighter on June 17, 2023.
             Was a Believer of Okawaru.
             Slain by a spectral five-headed hydra (5 damage)
             ... in a Gauntlet.
             The game lasted 00:05:26 (9730 turns).

qw the Cleaver (Gargoyle Fighter)                   Turns: 9730, Time: 00:05:27

Health: -1/71      AC: 31    Str: 24    XL:     11   Next: 65%
Magic:  14/14      EV: 12    Int:  9    God:    Okawaru [**....]
Gold:   370        SH:  7    Dex: 20    Spells: 10/10 levels left

rFire   + . .        b - +3 flail (freeze)
rCold   + + +        c - +0 buckler
rNeg    + + .        x - +0 plate armour {rN+}
rPois   inf          t - +0 helmet
rElec   +            s - +0 cloak
rCorr   .            e - +1 pair of gloves
SInv    .            q - +0 pair of boots
Will    .....        (no amulet) Stlth
                     v - ring "Suofabudgh" {rPois rF+ rC+++ Dex+5 Stlth-}
HPRegen 0.31/turn    n - +6 ring of dexterity
MPRegen 0.14/turn

%: no teleportation
@: heroic, slowed, very slow
A: sickness immunity, AC +8, negative energy resistance 1, electricity
resistance, torment resistance 1, petrification resistance
a: Renounce Religion, Heroism


You were in a Gauntlet.
You worshipped Okawaru.
Okawaru was pleased with you.
You visited 1 branch of the dungeon, and saw 11 of its levels.
You also visited: Sewer and Gauntlet.

You collected 890 gold pieces.
You spent 520 gold pieces at shops.


Innate Abilities, Weirdness & Mutations

You are immune to sickness and miasma.
Your stone body is resilient. (AC +8)
You are immune to poison.
You resist negative energy. (rN+)
You are resistant to electric shocks. (rElec)
You are resistant to unholy torment.
You are immune to petrification.


   Skills:
 - Level 9.2(14.2) Fighting
 + Level 11.7(16.7) Axes
 - Level 1.5(6.5) Throwing
 - Level 9.0(14.0) Armour
 - Level 3.3(8.3) Dodging
 - Level 5.0(10.0) Shields
 - Level 4.0 Invocations


You had 10 spell levels left.
You didn't know any spells.
Your spell library was empty.

Inventory:

Hand Weapons
 b - a +3 flail of freezing (weapon)
 k - a +1 war axe
Missiles
 l - a boomerang (quivered)
Armour
 c - a +0 buckler (worn)
 e - a +1 pair of gloves (worn)
 q - a +0 pair of boots (worn)
 r - +0 acid dragon scales
 s - a +0 cloak (worn)
 t - a +0 helmet (worn)
 x - a +0 plate armour of positive energy (worn)
Jewellery
 n - a +6 ring of dexterity (right hand)
 v - the ring "Suofabudgh" (left hand) {rPois rF+ rC+++ Dex+5 Stlth-}
   (You found it in a Gauntlet)

   [ring of poison resistance]

   Dex:       It affects your dexterity (+5).
   rF:        It protects you from fire.
   rC:        It renders you almost immune to cold.
   rPois:     It protects you from poison.
   Stlth:     It makes you less stealthy.
 w - an amulet of guardian spirit
 y - a ring of resist corrosion
 Y - a ring of protection from cold
Scrolls
 f - 5 scrolls of teleportation
 j - a scroll of identify
Potions
 a - 2 potions of curing
 d - 7 potions of might
 g - 2 potions of enlightenment
 i - 2 potions of haste
 m - a potion of resistance
 o - 3 potions of cancellation
 p - a potion of mutation
 u - a potion of magic

Dungeon Overview and Level Annotations

Branches:
Dungeon (11/15)            Temple (0/1) D:6             Orc (0/2) D:9
  Sewer (visited)         Gauntlet (1/1)
   Lair: D:8-11

Altars:
Kikubaaqudgha
Nemelex Xobeh
Okawaru
Trog
Zin

Shops:
D:5 [   D:6 [:![**   D:7 =   D:10 *

Annotations:
D:2 1 runed translucent door, Crazy Yiuf
D:7 Gastronok Gauntlet 17 runed translucent doors, 9 transporters


Message History

The spectral five-headed hydra bites you.
You block the spectral five-headed hydra's attack.
The spectral five-headed hydra bites you.
The spectral five-headed hydra bites you but does no damage.
9725 ||| SWAPPING to +1 war axe.
Your +3 flail of freezing stops glowing.
k - a +1 war axe (weapon)
9726 ||| SWAPPING to +3 flail of freezing.
Your +3 flail of freezing glows with a cold blue light!
b - a +3 flail of freezing (weapon)
The spectral five-headed hydra bites you but does no damage.
You block the spectral five-headed hydra's attack.
The spectral five-headed hydra barely misses you.
The spectral five-headed hydra bites you but does no damage. x2
9727 ||| SWAPPING to +1 war axe.
Your +3 flail of freezing stops glowing.
k - a +1 war axe (weapon)
The spectral five-headed hydra bites you but does no damage.
You block the spectral five-headed hydra's attack.
The spectral five-headed hydra bites you but does no damage.
The spectral five-headed hydra bites you!
The spectral five-headed hydra bites you.
9728 ||| SWAPPING to +3 flail of freezing.
Your +3 flail of freezing glows with a cold blue light!
b - a +3 flail of freezing (weapon)
9729 ||| SWAPPING to +1 war axe.
Your +3 flail of freezing stops glowing.
k - a +1 war axe (weapon)
You block the spectral five-headed hydra's attack.
The spectral five-headed hydra closely misses you.
The spectral five-headed hydra bites you but does no damage.
The spectral five-headed hydra bites you.
The spectral five-headed hydra bites you but does no damage.
9730 ||| SWAPPING to +3 flail of freezing.
Your +3 flail of freezing glows with a cold blue light!
b - a +3 flail of freezing (weapon)
The spectral five-headed hydra misses you.
You block the spectral five-headed hydra's attack.
The spectral five-headed hydra bites you.
You die...

...#.^.#....~....#.^.#.....#
###########...###########..###
#YYY.^[YY.#...##^$=^.#^##..#8#
#####.###Y#...#..##.#Z###..###
##.##.##.##...##.####..##..#
#YY...#.#Y#...#...###^.##..###
###.##..#Y#...##.########..#8#
###^##.##Y#...#.Z..#....#..###
#......#.Y#...##@#..##Z##..#
#..#.##..##...###..#.####..###
#w##.##.###...#..#.##..##..#8#
###########...###########..###
...#.^.#....~....#.^.#.....#
.8.#...#...~8~...#...#.8...###
...#.^.#....~....#.^.#.....#8#
###########...###########..###
#55)(^...3#...#....^.)..#..#


You could see a spectral five-headed hydra and 4 yaks.

Vanquished Creatures
  A death scarab (Gauntlet)
  2 two-headed ogres
  Pikel (D:4)
  3 kobold demonologists
  2 trolls
  Prince Ribbit (D:6)
  3 flying skulls (Gauntlet)
  Sigmund (D:4)
  3 wyverns
  A wraith (D:10)
  5 yaks
  A steam dragon (D:7)
  2 wargs (D:11)
  An acid dragon (D:8)
  2 water moccasins (D:6)
  7 orc warriors
  4 ice beasts
  3 sky beasts
  An ogre (D:7)
  3 centaurs
  A phantom (D:4)
  3 bullfrogs
  5 kobold brigands
  2 scorpions
  8 wights
  4 howler monkeys
  4 hounds
  15 orc priests
  6 jellies
  A gnoll bouda (D:8)
  5 sleepcaps
  3 iguanas
  12 orc wizards
  5 gnolls (D:8)
  12 adders
  A shadow imp (D:6)
  A white imp (D:6)
  2 ufetubi (D:6)
  4 worms
  A dart slug (D:1)
  55 orcs
  5 bats
  18 endoplasms
  6 giant cockroaches
  4 goblins
  2 hobgoblins
  5 jackals
  3 quokkas
  7 ball pythons
  5 frilled lizards
  15 kobolds
  5 rats
272 creatures vanquished.

Vanquished Creatures (others)
  2 kobolds (D:8)
2 creatures vanquished.

Grand Total: 274 creatures vanquished

Notes
Turn   | Place    | Note
-------+----------+-------------------------------------------
     0 | D:1      | qw the Gargoyle Fighter began the quest for the Orb.
     0 | D:1      | Reached XP level 1. HP: 14/14 MP: 1/1
     0 | D:1      | 0 ||| qw: Version: 0.3-a-2-g5ab2908
     0 | D:1      | 0 ||| qw: Game counter: 283
     0 | D:1      | 0 ||| qw: Always use a shield: true
     0 | D:1      | 0 ||| qw: God list: Okawaru
     0 | D:1      | 0 ||| qw: Allow faded altars: false
     0 | D:1      | 0 ||| qw: Do Orc after D:15 true
     0 | D:1      | 0 ||| qw: Do second Lair branch before Depths: true
     0 | D:1      | 0 ||| qw: Lair rune preference: random
     0 | D:1      | 0 ||| qw: Plans: Normal, Zot:1-4, Slime:5, God:TSO, Crypt,
                  | Tomb, Abyss, Pan, Hells, Win
     0 | D:1      | 0 ||| PLANNING D:1-11
    36 | D:1      | Reached skill level 2 in Axes
   319 | D:1      | Reached XP level 2. HP: 19/19 MP: 2/2
   331 | D:1      | 331 ||| FLEEEEING.
   332 | D:1      | 332 ||| FLEEEEING.
   336 | D:1      | 336 ||| FLEEEEING.
   338 | D:1      | 338 ||| FLEEEEING.
   339 | D:1      | 339 ||| FLEEEEING.
   340 | D:1      | 340 ||| FLEEEEING.
   341 | D:1      | 341 ||| FLEEEEING.
   343 | D:1      | 343 ||| FLEEEEING.
   344 | D:1      | 344 ||| FLEEEEING.
   671 | D:1      | 671 ||| Stepping ~*~*~tactically~*~*~ (hiding).
   739 | D:1      | Reached skill level 3 in Axes
   933 | D:1      | 933 ||| UPGRADING to +0 pair of gloves.
   938 | D:1      | 938 ||| READING scroll labelled FYASUCV METO.
   939 | D:1      | 939 ||| READING scroll labelled OCOXZEA LUMURGH.
   940 | D:1      | 940 ||| READING scroll labelled WICWIRHIDAE.
  1002 | D:2      | Reached XP level 3. HP: 23/23 MP: 3/3
  1037 | D:2      | Found a runed translucent door.
  1038 | D:2      | Noticed Crazy Yiuf
  1445 | D:2      | Found an ancient bone altar of Kikubaaqudgha.
  1696 | D:2      | Reached XP level 4. HP: 28/28 MP: 4/4
  1882 | D:2      | 1882 ||| UPGRADING to ring of protection from cold.
  1883 | D:2      | 1883 ||| READING scroll labelled EMUOGUO NEOR.
  1964 | D:2      | 1964 ||| READING scroll labelled PUB KEIWAS.
  2019 | D:3      | 2019 ||| PLANNING SEWER
  2163 | D:3      | Found a glowing silver altar of Zin.
  2188 | D:3      | Reached skill level 4 in Axes
  2505 | D:3      | Found a glowing drain.
  2506 | D:3      | 2506 ||| DRINKING 2 cyan potions.
  2507 | D:3      | 2507 ||| DRINKING 2 golden potions.
  2508 | D:3      | 2508 ||| DRINKING 2 bubbling puce potions.
  2509 | D:3      | 2509 ||| DROPPING potion of degeneration.
  2518 | Sewer    | Entered a sewer
  2542 | Sewer    | Reached XP level 5. HP: 30/32 MP: 5/5
  2653 | Sewer    | 2653 ||| Stepping ~*~*~tactically~*~*~ (water).
  2655 | Sewer    | Reached skill level 5 in Axes
  2798 | Sewer    | Reached skill level 1 in Dodging
  2798 | Sewer    | Reached XP level 6. HP: 15/38 MP: 6/6
  2887 | Sewer    | Found a viscous altar of Jiyva.
  2944 | Sewer    | 2944 ||| Stepping ~*~*~tactically~*~*~ (stealth).
  2945 | Sewer    | 2945 ||| Stepping ~*~*~tactically~*~*~ (stealth).
  2972 | Sewer    | 2972 ||| READING scroll labelled KAONOFFUCE.
  2973 | Sewer    | 2973 ||| READING scroll labelled GUGERIGACO.
  2974 | Sewer    | 2974 ||| DRINKING 2 orange potions.
  2975 | Sewer    | 2975 ||| DROPPING potion of brilliance.
  2997 | D:3      | 2997 ||| PLANNING D:1-11
  3086 | D:3      | 3086 ||| Stepping randomly (stuck).
  3099 | D:4      | Noticed Sigmund
  3102 | D:4      | 3102 ||| STAIRDANCE
  3117 | D:4      | 3117 ||| Stepping ~*~*~tactically~*~*~ (stealth).
  3118 | D:4      | 3118 ||| Stepping ~*~*~tactically~*~*~ (stealth).
  3119 | D:4      | 3119 ||| Stepping ~*~*~tactically~*~*~ (stealth).
  3134 | D:4      | 3134 ||| DRINKING potion of curing.
  3134 | D:4      | 3134 ||| (to cure confusion)
  3138 | D:4      | 3138 ||| FLEEEEING.
  3139 | D:4      | 3139 ||| FLEEEEING.
  3141 | D:4      | 3141 ||| FLEEEEING.
  3143 | D:4      | 3143 ||| FLEEEEING.
  3144 | D:4      | 3144 ||| FLEEEEING.
  3145 | D:4      | 3145 ||| FLEEEEING.
  3146 | D:4      | 3146 ||| STAIRDANCE
  3210 | D:4      | Noticed Pikel
  3220 | D:4      | Reached skill level 6 in Axes
  3234 | D:4      | Killed Pikel
  3235 | D:4      | Reached skill level 7 in Axes
  3235 | D:4      | Reached XP level 7. HP: 16/43 MP: 7/7
  3235 | D:4      | Reached XP level 8. HP: 18/48 MP: 8/8
  3236 | D:4      | HP: 10/48 [Sigmund/+0 scythe of venom (7)]
  3237 | D:4      | 3237 ||| DRINKING potion of heal wounds.
  3244 | D:4      | Killed Sigmund
  3270 | D:4      | 3270 ||| FLEEEEING.
  3271 | D:4      | 3271 ||| FLEEEEING.
  3272 | D:4      | 3272 ||| FLEEEEING.
  3273 | D:4      | 3273 ||| FLEEEEING.
  3274 | D:4      | 3274 ||| STAIRDANCE
  3332 | D:4      | 3332 ||| DROPPING +0 whip.
  3497 | D:4      | 3497 ||| READING scroll of enchant armour.
  3497 | D:4      | 3497 ||| ENCHANTING +0 pair of gloves.
  3595 | D:4      | Found a bloodstained altar of Trog.
  3782 | D:4      | Reached skill level 8 in Axes
  3807 | D:4      | Found a sparkling altar of Nemelex Xobeh.
  4099 | D:4      | 4099 ||| UPGRADING to +0 chain mail.
  4109 | D:4      | 4109 ||| DROPPING +0 scale mail.
  4110 | D:4      | 4110 ||| DRINKING 2 dark potions.
  4111 | D:4      | 4111 ||| READING 2 scrolls of identify.
  4111 | D:4      | 4111 ||| IDENTIFYING sedimented clear potion
  4136 | D:5      | Entered Level 5 of the Dungeon
  4166 | D:5      | 4166 ||| Stepping ~*~*~tactically~*~*~ (hiding).
  4172 | D:5      | Reached skill level 1 in Throwing
  4227 | D:5      | 4227 ||| DROPPING +2 whip of freezing.
  4228 | D:5      | 4228 ||| Stepping ~*~*~tactically~*~*~ (stealth).
  4259 | D:5      | Found Wiywa Naci's Antique Armour Shop.
  4283 | D:5      | 4283 ||| BUYING distressingly furry ring mail (261 gold).
  4283 | D:5      | Bought a distressingly furry ring mail for 261 gold pieces
  4283 | D:5      | Identified the +5 ring mail "Adelag" {*Slow rN+ Str+4} (You
                  | bought it in a shop on level 5 of the Dungeon)
  4283 | D:5      | 4283 ||| SHOPLISTING glowing plate armour (754 gold, have
                  | 28).
  4283 | D:5      | 4283 ||| SHOPLISTING glowing ring mail (203 gold, have 28).
  4283 | D:5      | 4283 ||| SHOPLISTING heavily runed plate armour (812 gold,
                  | have 28).
  4294 | D:5      | Found an iron altar of Okawaru.
  4295 | D:5      | 4295 ||| PLANNING OKAWARU WORSHIP
  4295 | D:5      | 4295 ||| UPGRADING to +5 ring mail "Adelag" {*Slow rN+
                  | Str+4}.
  4310 | D:5      | Became a worshipper of Warmaster Okawaru
  4311 | D:5      | 4311 ||| PLANNING D:1-11
  4312 | D:5      | 4312 ||| Stepping ~*~*~tactically~*~*~ (stealth).
  4342 | D:5      | Reached skill level 6 in Fighting
  4471 | D:5      | 4471 ||| Stepping ~*~*~tactically~*~*~ (hiding).
  4680 | D:5      | 4680 ||| UPGRADING to +0 pair of boots.
  4738 | D:6      | Reached * piety under Okawaru
  4795 | D:6      | Found Tenidul's Armour Emporium.
  4824 | D:6      | 4824 ||| BUYING +0 cloak (45 gold).
  4824 | D:6      | Bought a +0 cloak for 45 gold pieces
  4824 | D:6      | 4824 ||| SHOPLISTING +0 fire dragon scales (600 gold, have
                  | 77).
  4824 | D:6      | 4824 ||| BUYING +0 helmet (45 gold).
  4824 | D:6      | Bought a +0 helmet for 45 gold pieces
  4824 | D:6      | 4824 ||| SHOPLISTING +0 ring mail of fire resistance (110
                  | gold, have 32).
  4824 | D:6      | 4824 ||| SHOPLISTING +3 chain mail of fire resistance (265
                  | gold, have 32).
  4851 | D:6      | Reached skill level 9 in Axes
  4851 | D:6      | Reached skill level 1 in Invocations
  4851 | D:6      | Reached XP level 9. HP: 53/55 MP: 8/10
  4877 | D:6      | Noticed Prince Ribbit
  4881 | D:6      | 4881 ||| INVOKING Heroism.
  4900 | D:6      | 4900 ||| INVOKING Heroism.
  4901 | D:6      | Killed Prince Ribbit
  4904 | D:6      | 4904 ||| Stepping ~*~*~tactically~*~*~ (stealth).
  4905 | D:6      | 4905 ||| Stepping ~*~*~tactically~*~*~ (stealth).
  4907 | D:6      | 4907 ||| Stepping ~*~*~tactically~*~*~ (stealth).
  4953 | D:6      | Found Zoagh's General Store.
  4961 | D:6      | 4961 ||| SHOPLISTING potion of heal wounds (55 gold, have
                  | 45).
  4961 | D:6      | 4961 ||| SHOPLISTING scroll of enchant weapon (82 gold,
                  | have 45).
  4961 | D:6      | 4961 ||| BUYING scroll of identify (22 gold).
  4961 | D:6      | Bought a scroll of identify for 22 gold pieces
  4961 | D:6      | Found a staircase to the Ecumenical Temple.
  4981 | D:6      | 4981 ||| Stepping ~*~*~tactically~*~*~ (hiding).
  4982 | D:6      | 4982 ||| Stepping ~*~*~tactically~*~*~ (hiding).
  4983 | D:6      | 4983 ||| Stepping ~*~*~tactically~*~*~ (hiding).
  5094 | D:6      | Noticed a troll
  5103 | D:6      | 5103 ||| INVOKING Heroism.
  5111 | D:6      | Killed a troll
  5295 | D:6      | Reached skill level 3 in Invocations
  5303 | D:6      | Found Suaf's General Store.
  5306 | D:6      | 5306 ||| SHOPLISTING +3 plate armour of willpower (585
                  | gold, have 59).
  5306 | D:6      | 5306 ||| SHOPLISTING potion of heal wounds (65 gold, have
                  | 59).
  5306 | D:6      | 5306 ||| SHOPLISTING potion of mutation (104 gold, have
                  | 59).
  5306 | D:6      | 5306 ||| BUYING scroll of identify (26 gold).
  5306 | D:6      | Bought a scroll of identify for 26 gold pieces
  5334 | D:6      | Found Tikhlo Gese's Distillery.
  5357 | D:6      | 5357 ||| SHOPLISTING 2 potions of haste (220 gold, have
                  | 146).
  5357 | D:6      | 5357 ||| BUYING potion of cancellation (88 gold).
  5357 | D:6      | Bought a potion of cancellation for 88 gold pieces
  5357 | D:6      | 5357 ||| BUYING potion of curing (33 gold).
  5357 | D:6      | Bought a potion of curing for 33 gold pieces
  5357 | D:6      | 5357 ||| SHOPLISTING potion of haste (110 gold, have 25).
  5357 | D:6      | 5357 ||| SHOPLISTING potion of heal wounds (55 gold, have
                  | 25).
  5357 | D:6      | 5357 ||| SHOPLISTING potion of lignification (33 gold, have
                  | 25).
  5357 | D:6      | 5357 ||| SHOPLISTING potion of magic (88 gold, have 25).
  5357 | D:6      | 5357 ||| SHOPLISTING potion of might (44 gold, have 25).
  5357 | D:6      | 5357 ||| SHOPLISTING potion of mutation (88 gold, have 25).
  5391 | D:6      | Found Joconocw's Tiny Tomes.
  5399 | D:6      | 5399 ||| DROPPING +4 mace of venom.
  5404 | D:6      | Found Zota's Antique Armour Boutique.
  5412 | D:6      | 5412 ||| SHOPLISTING pair of runed boots (187 gold, have
                  | 37).
  5431 | D:6      | 5431 ||| Stepping ~*~*~tactically~*~*~ (stealth).
  5434 | D:6      | 5434 ||| Stepping ~*~*~tactically~*~*~ (stealth).
  5436 | D:6      | 5436 ||| INVOKING Heroism.
  5572 | D:6      | 5572 ||| DROPPING +0 chain mail.
  5573 | D:6      | 5573 ||| UPGRADING to +0 cloak.
  5578 | D:6      | 5578 ||| UPGRADING to +0 helmet.
  5583 | D:6      | 5583 ||| UPGRADING to +0 plate armour.
  5593 | D:6      | 5593 ||| DROPPING +5 ring mail "Adelag" {*Slow rN+ Str+4}.
  5594 | D:6      | 5594 ||| READING scroll labelled DASHIU ODADDAO.
  5595 | D:6      | 5595 ||| READING scroll labelled FUL UM OPAZ.
  5596 | D:6      | 5596 ||| READING 3 scrolls of identify.
  5596 | D:6      | 5596 ||| IDENTIFYING white potion
  5597 | D:6      | 5597 ||| READING 2 scrolls of identify.
  5597 | D:6      | 5597 ||| IDENTIFYING fizzy clear potion
  5615 | D:7      | 5615 ||| STAIRDANCE
  5618 | D:6      | 5618 ||| INVOKING Heroism.
  5709 | D:7      | 5709 ||| Stepping ~*~*~tactically~*~*~ (hiding).
  5715 | D:7      | 5715 ||| INVOKING Heroism.
  5733 | D:7      | 5733 ||| Stepping ~*~*~tactically~*~*~ (stealth).
  5740 | D:7      | 5740 ||| Stepping ~*~*~tactically~*~*~ (stealth).
  5747 | D:7      | 5747 ||| Stepping ~*~*~tactically~*~*~ (stealth).
  5790 | D:7      | 5790 ||| INVOKING Heroism.
  5808 | D:7      | Reached XP level 10. HP: 56/63 MP: 11/13
  5815 | D:7      | Reached skill level 6 in Armour
  5876 | D:7      | Noticed a kobold demonologist
  5886 | D:7      | 5886 ||| DRINKING 2 potions of curing.
  5886 | D:7      | 5886 ||| (to cure confusion)
  5889 | D:7      | Killed a kobold demonologist
  5938 | D:7      | Found Bir Kel's Jewellery Shop.
  5945 | D:7      | 5945 ||| SHOPLISTING +6 ring of strength (396 gold, have
                  | 101).
  5945 | D:7      | 5945 ||| SHOPLISTING amulet of guardian spirit (330 gold,
                  | have 101).
  5945 | D:7      | 5945 ||| SHOPLISTING ring of fire (275 gold, have 101).
  5947 | D:7      | 5947 ||| Stepping ~*~*~tactically~*~*~ (stealth).
  5949 | D:7      | 5949 ||| Stepping ~*~*~tactically~*~*~ (hiding).
  5975 | D:7      | Reached ** piety under Okawaru
  6018 | D:7      | Identified the +1 pair of boots "Qeulubboask" {rElec Str-4
                  | Dex+4}
  6200 | D:7      | 6200 ||| DROPPING +1 pair of boots "Qeulubboask" {rElec
                  | Str-4 Dex+4}.
  6201 | D:7      | 6201 ||| READING scroll labelled FEANOI JICURGH.
  6220 | D:8      | Noticed Gastronok
  6221 | D:8      | 6221 ||| INVOKING Heroism.
  6231 | D:8      | 6231 ||| STAIRDANCE
  6239 | D:7      | HP: 12/63 [Gastronok (9)]
  6240 | D:7      | 6240 ||| READING 2 scrolls of teleportation.
  6241 | D:7      | 6241 ||| DRINKING 4 potions of heal wounds.
  6242 | D:7      | 6242 ||| INVOKING Heroism.
  6566 | D:8      | 6566 ||| INVOKING Heroism.
  6813 | D:8      | Reached skill level 10 in Axes
  6824 | D:8      | 6824 ||| Stepping ~*~*~tactically~*~*~ (stealth).
  6926 | D:8      | 6926 ||| Stepping ~*~*~tactically~*~*~ (hiding).
  6930 | D:8      | 6930 ||| INVOKING Heroism.
  7039 | D:8      | 7039 ||| INVOKING Heroism.
  7127 | D:8      | 7127 ||| INVOKING Heroism.
  7239 | D:8      | 7239 ||| Stepping ~*~*~tactically~*~*~ (stealth).
  7243 | D:8      | 7243 ||| Stepping ~*~*~tactically~*~*~ (hiding).
  7556 | D:8      | 7556 ||| UPGRADING to +6 ring of dexterity.
  7557 | D:8      | 7557 ||| READING scroll labelled JOSCHI GIC KAOR.
  7558 | D:8      | 7558 ||| READING scroll labelled HIRIOH BIUGUOGAA.
  7569 | D:9      | Found a staircase to the Orcish Mines.
  7570 | D:9      | 7570 ||| Stepping ~*~*~tactically~*~*~ (hiding).
  7571 | D:9      | 7571 ||| Stepping ~*~*~tactically~*~*~ (hiding).
  7572 | D:9      | 7572 ||| INVOKING Heroism.
  7597 | D:9      | 7597 ||| INVOKING Heroism.
  7743 | D:9      | 7743 ||| DROPPING +0 flail.
  7838 | D:9      | 7838 ||| Stepping ~*~*~tactically~*~*~ (stealth).
  7839 | D:9      | 7839 ||| Stepping ~*~*~tactically~*~*~ (stealth).
  7899 | D:9      | Noticed a two-headed ogre
  7900 | D:9      | 7900 ||| INVOKING Heroism.
  7907 | D:9      | Killed a two-headed ogre
  8078 | D:9      | 8078 ||| Stepping ~*~*~tactically~*~*~ (stealth).
  8082 | D:9      | Reached XP level 11. HP: 68/68 MP: 14/14
  8087 | D:9      | 8087 ||| Stepping ~*~*~tactically~*~*~ (hiding).
  8088 | D:9      | 8088 ||| Stepping ~*~*~tactically~*~*~ (hiding).
  8089 | D:9      | 8089 ||| Stepping ~*~*~tactically~*~*~ (hiding).
  8090 | D:9      | 8090 ||| Stepping ~*~*~tactically~*~*~ (hiding).
  8097 | D:9      | Reached skill level 11 in Axes
  8353 | D:9      | 8353 ||| READING 3 scrolls labelled ENINIVV XIEVO.
  8354 | D:9      | 8354 ||| DROPPING 2 scrolls of immolation.
  8374 | D:10     | Entered Level 10 of the Dungeon
  8378 | D:10     | 8378 ||| INVOKING Heroism.
  8464 | D:10     | 8464 ||| Stepping ~*~*~tactically~*~*~ (hiding).
  8486 | D:10     | 8486 ||| Stepping ~*~*~tactically~*~*~ (stealth).
  8487 | D:10     | 8487 ||| Stepping ~*~*~tactically~*~*~ (stealth).
  8501 | D:10     | Noticed a two-headed ogre
  8502 | D:10     | 8502 ||| INVOKING Heroism.
  8519 | D:10     | Killed a two-headed ogre
  8520 | D:10     | Reached skill level 9 in Fighting
  8579 | D:10     | 8579 ||| Stepping ~*~*~tactically~*~*~ (stealth).
  8596 | D:10     | 8596 ||| INVOKING Heroism.
  8605 | D:10     | 8605 ||| Stepping ~*~*~tactically~*~*~ (stealth).
  8606 | D:10     | 8606 ||| Stepping ~*~*~tactically~*~*~ (stealth).
  8607 | D:10     | 8607 ||| Stepping ~*~*~tactically~*~*~ (stealth).
  8699 | D:10     | Found Heussof's CLEARANCE SALE!.
  8705 | D:10     | 8705 ||| Stepping ~*~*~tactically~*~*~ (hiding).
  8706 | D:10     | 8706 ||| Stepping ~*~*~tactically~*~*~ (hiding).
  8707 | D:10     | 8707 ||| Stepping ~*~*~tactically~*~*~ (stealth).
  8715 | D:10     | Noticed a soul eater
  8715 | D:10     | 8715 ||| INVOKING Heroism.
  8724 | D:10     | Reached skill level 9 in Armour
  8854 | D:10     | 8854 ||| INVOKING Heroism.
  8919 | D:10     | 8919 ||| Stepping ~*~*~tactically~*~*~ (hiding).
  8927 | D:10     | 8927 ||| Stepping ~*~*~tactically~*~*~ (hiding).
  8928 | D:10     | 8928 ||| Stepping ~*~*~tactically~*~*~ (hiding).
  8929 | D:10     | 8929 ||| Stepping ~*~*~tactically~*~*~ (hiding).
  8944 | D:10     | 8944 ||| Stepping ~*~*~tactically~*~*~ (stealth).
  8946 | D:10     | 8946 ||| Stepping ~*~*~tactically~*~*~ (hiding).
  9075 | D:10     | You fall into a shaft and drop 1 floor!
  9107 | D:11     | 9107 ||| PLANNING GAUNTLET
  9134 | D:11     | 9134 ||| INVOKING Heroism.
  9144 | D:11     | 9144 ||| DRINKING 3 potions of curing.
  9144 | D:11     | 9144 ||| (to cure confusion)
  9234 | D:11     | 9234 ||| Stepping ~*~*~tactically~*~*~ (hiding).
  9237 | D:11     | 9237 ||| Stepping ~*~*~tactically~*~*~ (hiding).
  9253 | D:11     | 9253 ||| Stepping ~*~*~tactically~*~*~ (stealth).
  9254 | D:11     | 9254 ||| FLEEEEING.
  9255 | D:11     | 9255 ||| FLEEEEING.
  9256 | D:11     | 9256 ||| Stepping ~*~*~tactically~*~*~ (hiding).
  9263 | D:11     | 9263 ||| INVOKING Heroism.
  9357 | D:11     | Found a gate leading to a gauntlet.
  9358 | D:11     | 9358 ||| UPGRADING to +0 plate armour of positive energy.
  9368 | D:11     | 9368 ||| DROPPING +0 plate armour.
  9369 | D:11     | 9369 ||| READING 3 scrolls of identify.
  9369 | D:11     | 9369 ||| IDENTIFYING metallic silvery potion
  9370 | D:11     | 9370 ||| READING 2 scrolls of identify.
  9370 | D:11     | 9370 ||| IDENTIFYING gluggy blue potion
  9376 | Gauntlet | Entered a Gauntlet
  9376 | Gauntlet | Noticed a soul eater
  9376 | Gauntlet | Found a large runed translucent door.
  9376 | Gauntlet | Found a large runed translucent door.
  9376 | Gauntlet | Found a large runed translucent door.
  9376 | Gauntlet | Found a large runed translucent door.
  9376 | Gauntlet | Found a runed translucent door.
  9376 | Gauntlet | Found a large runed translucent door.
  9376 | Gauntlet | Found a large runed translucent door.
  9376 | Gauntlet | Found a transporter.
  9376 | Gauntlet | Found a transporter.
  9376 | Gauntlet | Found a large runed translucent door.
  9376 | Gauntlet | Found a large runed translucent door.
  9376 | Gauntlet | Found a runed translucent gate.
  9376 | Gauntlet | Found a runed translucent gate.
  9376 | Gauntlet | Found a transporter.
  9377 | Gauntlet | Found a transporter.
  9380 | Gauntlet | Found a transporter.
  9380 | Gauntlet | Found a transporter.
  9384 | Gauntlet | Found a runed translucent gate.
  9384 | Gauntlet | Found a runed translucent door.
  9385 | Gauntlet | Found a large runed translucent door.
  9385 | Gauntlet | Found a large runed translucent door.
  9390 | Gauntlet | Found a transporter.
  9394 | Gauntlet | Found a transporter.
  9395 | Gauntlet | Noticed a death scarab
  9396 | Gauntlet | Noticed a death scarab
  9396 | Gauntlet | Noticed a necromancer
  9396 | Gauntlet | Noticed a death yak
  9397 | Gauntlet | Noticed a death yak
  9398 | Gauntlet | Noticed a death yak
  9398 | Gauntlet | Noticed a death yak
  9401 | Gauntlet | Noticed a death scarab
  9408 | Gauntlet | Found a transporter.
  9450 | Gauntlet | Found a large runed translucent door.
  9450 | Gauntlet | Found a large runed translucent door.
  9453 | Gauntlet | Found a large runed translucent door.
  9453 | Gauntlet | Found a large runed translucent door.
  9454 | Gauntlet | Found a large runed translucent door.
  9455 | Gauntlet | Found a large runed translucent door.
  9492 | Gauntlet | Found the +8 lance "Wyrmbane" {slay drac, rPois rF+ rC+
                  | AC+3}
  9508 | Gauntlet | Found a transporter.
  9510 | Gauntlet | Found a transporter.
  9520 | Gauntlet | Found a transporter.
  9661 | Gauntlet | Identified the ring "Suofabudgh" {rPois rF+ rC+++ Dex+5
                  | Stlth-}
  9663 | Gauntlet | 9663 ||| UPGRADING to ring "Suofabudgh" {rPois rF+ rC+++
                  | Dex+5 Stlth-}.
  9670 | Gauntlet | 9670 ||| INVOKING Heroism.
  9689 | Gauntlet | HP: 13/71 [death scarab (21)]
  9690 | Gauntlet | 9690 ||| DRINKING 3 potions of heal wounds.
  9694 | Gauntlet | HP: 1/71 [death scarab (18)]
  9695 | Gauntlet | 9695 ||| DRINKING 2 potions of heal wounds.
  9696 | Gauntlet | 9696 ||| DRINKING potion of heal wounds.
  9697 | Gauntlet | 9697 ||| INVOKING Heroism.
  9700 | Gauntlet | Killed a death scarab
  9701 | Gauntlet | Reached skill level 3 in Dodging
  9705 | Gauntlet | 9705 ||| SWAPPING to +3 flail of freezing.
  9706 | Gauntlet | 9706 ||| SWAPPING to +1 war axe.
  9707 | Gauntlet | 9707 ||| SWAPPING to +3 flail of freezing.
  9708 | Gauntlet | 9708 ||| SWAPPING to +1 war axe.
  9709 | Gauntlet | 9709 ||| INVOKING Heroism.
  9710 | Gauntlet | 9710 ||| SWAPPING to +3 flail of freezing.
  9711 | Gauntlet | 9711 ||| SWAPPING to +1 war axe.
  9712 | Gauntlet | 9712 ||| SWAPPING to +3 flail of freezing.
  9713 | Gauntlet | 9713 ||| SWAPPING to +1 war axe.
  9714 | Gauntlet | 9714 ||| SWAPPING to +3 flail of freezing.
  9715 | Gauntlet | 9715 ||| SWAPPING to +1 war axe.
  9716 | Gauntlet | 9716 ||| SWAPPING to +3 flail of freezing.
  9717 | Gauntlet | 9717 ||| SWAPPING to +1 war axe.
  9718 | Gauntlet | 9718 ||| SWAPPING to +3 flail of freezing.
  9719 | Gauntlet | 9719 ||| SWAPPING to +1 war axe.
  9720 | Gauntlet | 9720 ||| SWAPPING to +3 flail of freezing.
  9721 | Gauntlet | 9721 ||| SWAPPING to +1 war axe.
  9722 | Gauntlet | 9722 ||| SWAPPING to +3 flail of freezing.
  9723 | Gauntlet | 9723 ||| SWAPPING to +1 war axe.
  9724 | Gauntlet | 9724 ||| SWAPPING to +3 flail of freezing.
  9725 | Gauntlet | 9725 ||| SWAPPING to +1 war axe.
  9726 | Gauntlet | 9726 ||| SWAPPING to +3 flail of freezing.
  9727 | Gauntlet | 9727 ||| SWAPPING to +1 war axe.
  9727 | Gauntlet | HP: 11/71 [spectral five-headed hydra (8)]
  9727 | Gauntlet | HP: 5/71 [spectral five-headed hydra (6)]
  9728 | Gauntlet | 9728 ||| SWAPPING to +3 flail of freezing.
  9729 | Gauntlet | 9729 ||| SWAPPING to +1 war axe.
  9730 | Gauntlet | 9730 ||| SWAPPING to +3 flail of freezing.
  9730 | Gauntlet | Slain by a spectral five-headed hydra

Levels and vault maps discovered:
D:1:      roderic_octagonal_star, layout_basic, minmay_hexomino_f4
D:2:      layout_loops_corners, basic_altar, minmay_pentomino_pile,
          uniq_crazy_yiuf_cottage
D:3:      layout_rooms, mainiacjoe_overflow_alcove_4, portal_sewer_entry_d,
          minmay_tree_intersection
D:4:      layout_basic, nemelex_xobeh_ov_fountains_minmay,
          lightli_temple_of_fire, serial_bayou, serial_bayou_shore_b,
          serial_bayou_lagoon_b, serial_bayou_crossing, serial_bayou_pond_a,
          uniq_sigmund, uniq_pikel
D:5:      layout_rooms, kennysheep_mini_moat, serial_shops, shop
D:6:      layout_rooms, minmay_temple_entry_stoned_glass, serial_shops, shop,
          shop_coins, nicolae_shop_tiny_real_fake_doors, shop_coins, shop,
          nicolae_shop_i_like_small_books_too, grunt_potential,
          uniq_prince_ribbit1
D:7:      layout_basic, serial_shops, nicolae_shop_gaudy_bauble,
          minmay_manual_moon
D:8:      layout_loops_corners, uniq_gastronok
D:9:      layout_loops_cross, orc_david_3
D:10:     layout_rooms, chequers_serial_rivers_large_a, nicolae_shop_clearance
D:11:     layout_stronghold, erik_lair_orcish_takeover, gauntlet_entry_generic
Gauntlet: gammafunk_gauntlet_hard_choice
          [minmay_gauntlet_arena_make_your_own_arena,
          gammafunk_gauntlet_arena_hedges, gammafunk_gauntlet_arena_mazey,
          gammafunk_gauntlet_arena_crates,
          gammafunk_gauntlet_arena_arrow_garden,
          gammafunk_gauntlet_arena_split_diamond,
          nicolae_gauntlet_exit_dead_adventurers]

Skill      XL: |  1  2  3  4  5  6  7  8  9 10 11 |
---------------+----------------------------------+-----
Axes           | 2 3 4 5 7 9 10 11 | 11.7
Fighting       | 4 6 7 8 9 |  9.2
Dodging        | 1 2 3 |  3.3
Throwing       | 1 |  1.5
Invocations    | 1 4 |  4.0
Shields        | 4 5 |  5.0
Armour         | 5 8 9 |  9.0

Action                     |  1- 3 |  4- 6 |  7- 9 | 10-12 || total
---------------------------+-------+-------+-------+-------++-------
  Melee: War axe           |   116 |   135 |   230 |   351 ||   832
  Throw: Boomerang         |       |       |    56 |    64 ||   120
 Invoke: Heroism           |       |       |     7 |    19 ||    26
    Use: Scroll            |     3 |     4 |     6 |     7 ||    20
         Potion            |       |     5 |     2 |     6 ||    13
 Armour: Scale mail        |    69 |    75 |    14 |       ||   158
         Ring mail         |       |       |    76 |       ||    76
         Chain mail        |       |       |     4 |       ||     4
         Plate armour      |       |       |    31 |   273 ||   304
  Dodge: Dodged            |    51 |    49 |   101 |   138 ||   339
  Block: Buckler           |    19 |    24 |    50 |   119 ||   212

Table legend:
 A = Non-vault XP
 B = Vault XP
 C = Vault XP percentage of total XP
 D = Non-vault monster count
 E = Vault monster count
 F = Vault count percentage of total count
                 A         B        C        D         E       F
            +---------+---------+-------+---------+---------+-------
      Total |   10394 |    4807 |  31.6 |     197 |      76 |  27.8
            +---------+---------+-------+---------+---------+-------
        D:1 |      24 |       6 |  20.0 |      14 |       3 |  17.6
        D:2 |      50 |       3 |   5.7 |      16 |       2 |  11.1
        D:3 |     119 |      13 |   9.8 |      10 |       1 |   9.1
        D:4 |     275 |     844 |  75.4 |      14 |       2 |  12.5
        D:5 |     611 |       0 |   0.0 |      20 |       0 |   0.0
        D:6 |     934 |    1002 |  51.8 |      24 |      15 |  38.5
        D:7 |    1307 |     397 |  23.3 |      25 |       4 |  13.8
        D:8 |    1475 |       0 |   0.0 |      28 |       0 |   0.0
        D:9 |    1918 |     147 |   7.1 |      14 |       7 |  33.3
       D:10 |    3434 |       0 |   0.0 |      28 |       0 |   0.0
       D:11 |     247 |     641 |  72.2 |       4 |       9 |  69.2
      Sewer |       0 |     241 | 100.0 |       0 |      29 | 100.0
   Gauntlet |       0 |    1513 | 100.0 |       0 |       4 | 100.0
            +---------+---------+-------+---------+---------+-------
